 Dungeon Sprint DCSS version 0.29-a0-775-g4d7333d4e2 (webtiles) character file.

Game seed: 3608459889850096447

59113 mhtbhm the Ninja (level 14, -1/60 HPs)
             Began as a Spriggan Enchanter on July 2, 2022.
             Was the Champion of Dithmenos.
             Slain by a vault warden
             ... wielding a +2 broad axe of freezing
              (3 damage)
             ... in the Dungeon (Sprint IX: "|||||||||||||||||||||||||||||").
             The game lasted 00:14:59 (5961 turns).

mhtbhm the Ninja (Spriggan Enchanter)               Turns: 5961, Time: 00:15:00

Health: -1/60      AC:  4    Str:  4    XL:     14   Next: 52%
Magic:  19/40      EV: 25    Int: 18    God:    Dithmenos [******]
Gold:   83         SH:  5    Dex: 22    Spells: 45/56 levels left

rFire   . . .      SeeInvis +   a - +3 quick blade
rCold   + . .      Faith    .   (no shield)
rNeg    + . .      Spirit   .   b - +0 troll leather armour
rPois   .          Reflect  +   (helmet restricted)
rElec   +          Harm     .   (no cloak)
rCorr   +          Rampage  .   (gloves unavailable)
Will    ++...      NoTele   +   (boots unavailable) Stlth *********+
                                l - amulet of reflection
HPRegen 1.00/turn               k - +3 ring of dexterity
MPRegen 0.27/turn               u - ring of the Original Sin {rElec rC+ rN+ rCorr SInv}

@: wreathed by umbra, very quick
A: very small, no large weapons, unfitting armour, see invisible, speed 3
a: Renounce Religion, Shadow Step, Shadow Form


You were in the Dungeon.
You worshipped Dithmenos.
Dithmenos was exalted by your worship.
You visited 1 branch You collected 1923 gold pieces.
You spent 1840 gold pieces at shops.

Inventory:

Hand Weapons
 a - a +3 quick blade (weapon)
Armour
 b - a +0 troll leather armour (worn)
Jewellery
 k - a +3 ring of dexterity (left hand)
 l - an amulet of reflection (around neck)
 u - the ring of the Original Sin (right hand) {rElec rC+ rN+ rCorr SInv}
   (You bought it in a shop in the Dungeon)

   [ring of protection from cold]

   rC:        It protects you from cold.
   rElec:     It insulates you from electricity.
   rN:        It protects you from negative energy.
   SInv:      It lets you see invisible.
   rCorr:     It protects you from acid and corrosion.
 v - a ring of wizardry
 w - a +6 ring of intelligence
 x - a ring of fire
 y - a ring of poison resistance
 z - a ring of fire
Wands
 j - a wand of light (1)
 s - a wand of paralysis (8)
 t - a wand of flame (12)
Scrolls
 h - 2 scrolls of amnesia
 i - 4 scrolls of blinking
 n - 2 scrolls of enchant armour
 p - 2 scrolls of fear
 q - 2 scrolls of fog
 r - a scroll of identify
 D - 6 scrolls of enchant weapon
Potions
 c - 2 potions of invisibility
 d - 8 potions of curing
 e - 2 potions of heal wounds
 f - 3 potions of haste
 g - 4 potions of magic
 m - a potion of berserk rage
 o - a potion of mutation
 A - a potion of brilliance
 B - a potion of resistance
 C - a potion of might


   Skills:
 - Level 0.4 Fighting
 + Level 14.7 Short Blades
 + Level 4.5 Armour
 + Level 11.8 Dodging
 O Level 27 Stealth
 + Level 1.6 Shields
 + Level 21.7 Spellcasting
 + Level 3.5 Conjurations
 + Level 21.8 Hexes
 + Level 11.7 Ice Magic
 * Level 16.6 Invocations
 + Level 5.3 Evocations


You had 45 spell levels left.
You knew the following spells:

 Your Spells              Type           Power      Damage    Failure   Level
a - Ensorcelled Hibernat  Hex/Ice        100%       N/A       0%          2
b - Confusing Touch       Hex            78%        N/A       0%          3
c - Tukima's Dance        Hex            78%        N/A       0%          3
d - Dazzling Flash        Conj/Hex       100%       N/A       1%          3

Your spell library contained the following spells:

 Spells                   Type           Power      Damage    Failure   Level


Dungeon Overview and Level Annotations

Branches:
Dungeon (1/1)

Altars:
Cheibriados
Dithmenos
Elyvilon
Fedhas
Gozag
Hepliaklqana
Kikubaaqudgha
Makhleb
Nemelex Xobeh
Okawaru
Qazlal
Ru
Sif Muna
Trog
Uskayaw
Vehumet
Wu Jian
Xom
Yredelemnul
Zin
The Shining One
Beogh
Jiyva
Lugonu

Shops:
D **=!


Innate Abilities, Weirdness & Mutations

You are very small and have problems with some larger weapons.
You are too small for most types of armour.
You have supernaturally acute eyesight. (SInv)
You cover ground extremely quickly. (Speed+++)


Message History

You hit the vault warden but do no damage.
The vault warden is almost dead.
You hit the vault warden.
The vault warden is almost dead.
The vault warden barely misses you.
You catch the helpless vault warden completely off-guard!
You perforate the vault warden like a sieve!!!
You kill the vault warden!
Dithmenos accepts your kill.
A vault warden comes into view.
It is wielding a +0 great mace of protection.
The vault warden hits you with a +2 broad axe of freezing!!
You emit a cloud of dark smoke.
The vault warden freezes you.
Things that are here:
a +0 great mace; a +0 chain mail You hit the vault warden.
The vault warden is lightly wounded.
You hit the vault warden but do no damage.
The vault warden is lightly wounded.
Your shadow hits the vault warden but does no damage.
The peacekeeper roars a battlecry!
The peacekeeper goes into a battle-frenzy!
You catch the helpless vault warden completely off-guard!
You spit the vault warden like a pig!!!
The vault warden is severely wounded.
The vault warden activates a sealing rune.
You hit the vault warden.
The vault warden is severely wounded.
Your shadow hits the vault warden but does no damage.
You hit the vault warden but do no damage.
The vault warden is severely wounded.
Your shadow hits the vault warden with a quick blade.
You hit the vault warden but do no damage.
The vault warden is almost dead.
Your shadow hits the vault warden but does no damage.
You hit the vault warden.
The vault warden is almost dead.
The vault warden hits you with a +2 broad axe of freezing!!
* * * LOW HITPOINT WARNING * * *
You emit a cloud of dark smoke.
The vault warden freezes you.
You die...

▓▓▓▓▓▓▓▓▓▓▓▓▓▓▓▓▓▓▓▓▓▓▓▓
p99ppcp@§§§§))+.......p.
▓▓▓▓▓▓▓▓▓▓▓▓▓▓▓▓▓▓▓▓▓▓▓▓▓▓▓▓▓▓▓▓▓
.................................
▓▓▓▓▓▓▓▓▓▓▓▓▓▓▓▓▓▓▓▓▓▓▓▓▓♣♣♣♣♣♣♣♣
....')÷÷÷÷))..†.......÷)'...†).))
▓▓▓▓▓▓▓▓▓▓▓▓▓▓▓▓▓▓▓▓▓▓▓▓▓♣♣♣♣♣♣♣♣
...).....).......................
▓▓▓▓▓▓▓▓▓▓▓▓▓▓▓▓▓▓▓▓▓▓▓▓▓▓▓▓▓▓▓▓▓
.'...........))[['..........[[[[[


You could see a vault warden (blind) and a centaur warrior.

Vanquished Creatures
  A lich (D)
  Kirke (D)
  A frost giant (D)
  A vault warden (D)
  2 stone giants (D)
  Nessos (D)
  An ironbound thunderhulk (D)
  2 very ugly things (D)
  2 dire elephants (D)
  A bunyip (D)
  A spark wasp (D)
  3 ettins (D)
  A merfolk javelineer (D)
  2 shambling mangroves (D)
  4 fire dragons (D)
  A merfolk impaler (D)
  A great orb of eyes (D)
  3 ice dragons (D)
  A hydra (D)
  2 centaur warriors (D)
  A ghost crab (D)
  A two-headed ogre (D)
  A tengu warrior (D)
  An alligator (D)
  3 orc high priests (D)
  Erica (D)
  3 deep troll shamans (D)
  2 shock serpents (D)
  Urug (D)
  A spriggan (D)
  A pharaoh ant (D)
  A spriggan druid (D)
  A naga ritualist (D)
  A steelbarb worm (D)
  An orb spider (D)
  A swamp dragon (shapeshifter) (D)
  A swamp dragon (D)
  2 ironbound convokers (D)
  A lindwurm (D)
  A wizard (D)
  2 wolf spiders (D)
  7 orc knights (D)
  4 orc sorcerers (D)
  A cyclops (D)
  2 moths of wrath (D)
  4 ugly things (D)
  A will-o-the-wisp (D)
  5 manticores (D)
  6 elephants (D)
  6 black mambas (D)
  A vault sentinel (D)
  A naga mage (D)
  A torpor snail (D)
  A rime drake (shapeshifter) (D)
  Psyche (D)
  3 cane toads (D)
  2 komodo dragons (D)
  A rime drake (D)
  2 tengu conjurers (D)
  A merfolk (D)
  A troll (D)
  A troll (shapeshifter) (D)
  A blink frog (shapeshifter) (D)
  5 hornets (D)
  A slime creature (D)
  2 snapping turtles (D)
  A wyvern (D)
  A vampire (D)
  2 yaks (D)
  2 basilisks (D)
  3 hogs (D)
  Eustachio (D)
  A redback (D)
  A vampire mosquito (D)
  A naga (D)
  An acid dragon (D)
  2 water moccasins (D)
  A black bear (D)
  4 orc warriors (D)
  A wolf (D)
  A centaur (shapeshifter) (D)
  2 bullfrogs (D)
  A necrophage (D)
  4 orc priests (D)
  3 orc wizards (D)
  18 orcs (D)
  A giant cockroach (D)
  A kobold (D)
  2 frilled lizards (D)
  A rat (D)
177 creatures vanquished.

Notes
Turn   | Place    | Note
-------+----------+-------------------------------------------
     0 | D        | mhtbhm the Spriggan Enchanter began the quest for the Orb.
     0 | D        | Reached XP level 1. HP: 9/9 MP: 5/5
    21 | D        | Reached skill level 5 in Stealth
    75 | D        | Noticed a necrophage
    75 | D        | Noticed a black bear
    79 | D        | Reached skill level 5 in Hexes
    84 | D        | Killed a black bear
    85 | D        | Reached skill level 8 in Stealth
    85 | D        | Reached XP level 2. HP: 7/13 MP: 5/8
    85 | D        | Reached XP level 3. HP: 10/16 MP: 6/10
    85 | D        | Reached XP level 4. HP: 12/21 MP: 6/11
    88 | D        | Killed a necrophage
    89 | D        | Reached skill level 5 in Dodging
    89 | D        | Reached skill level 9 in Stealth
    89 | D        | Reached skill level 5 in Spellcasting
    89 | D        | Reached XP level 5. HP: 15/25 MP: 6/13
   264 | D        | Learned a level 2 spell: Ensorcelled Hibernation
   268 | D        | Learned a level 3 spell: Confusing Touch
   272 | D        | Learned a level 3 spell: Tukima's Dance
   276 | D        | Learned a level 3 spell: Dazzling Flash
   280 | D        | Found a snail-covered altar of Cheibriados.
   280 | D        | Found a shadowy altar of Dithmenos.
   280 | D        | Found a white marble altar of Elyvilon.
   280 | D        | Found a blossoming altar of Fedhas.
   280 | D        | Found an opulent altar of Gozag.
   281 | D        | Found a hazy altar of Hepliaklqana.
   282 | D        | Found a viscous altar of Jiyva.
   283 | D        | Found an ancient bone altar of Kikubaaqudgha.
   284 | D        | Found a corrupted altar of Lugonu.
   285 | D        | Became a worshipper of Dithmenos the Shadowed
   286 | D        | Found a burning altar of Makhleb.
   287 | D        | Found a sparkling altar of Nemelex Xobeh.
   288 | D        | Found an iron altar of Okawaru.
   289 | D        | Found a stormy altar of Qazlal.
   290 | D        | Found a sacrificial altar of Ru.
   291 | D        | Found a shimmering blue altar of Sif Muna.
   292 | D        | Found a bloodstained altar of Trog.
   293 | D        | Found a hide-covered altar of Uskayaw.
   294 | D        | Found a radiant altar of Vehumet.
   295 | D        | Found an ornate altar of the Wu Jian Council.
   296 | D        | Found a shimmering altar of Xom.
   297 | D        | Found a basalt altar of Yredelemnul.
   298 | D        | Found a glowing silver altar of Zin.
   299 | D        | Found a glowing golden altar of the Shining One.
   328 | D        | Noticed a troll
   328 | D        | Noticed a two-headed ogre
   328 | D        | Noticed a yak
   328 | D        | Noticed a vampire
   345 | D        | Killed a vampire
   346 | D        | Reached skill level 5 in Short Blades
   346 | D        | Reached skill level 11 in Stealth
   346 | D        | Reached skill level 10 in Hexes
   346 | D        | Reached skill level 1 in Evocations
   346 | D        | Reached XP level 6. HP: 26/29 MP: 16/16
   347 | D        | Killed a yak
   347 | D        | Reached * piety under Dithmenos
   348 | D        | Reached skill level 12 in Stealth
   355 | D        | Killed a two-headed ogre
   356 | D        | Reached skill level 14 in Stealth
   356 | D        | Reached XP level 7. HP: 18/32 MP: 12/19
   356 | D        | Reached XP level 8. HP: 21/37 MP: 13/21
   363 | D        | Killed a troll
   364 | D        | Reached skill level 15 in Stealth
   366 | D        | Reached ** piety under Dithmenos
   578 | D        | Noticed a manticore
   578 | D        | Noticed a green ugly thing
   578 | D        | Noticed a centaur warrior
   578 | D        | Noticed a green ugly thing
   597 | D        | Killed a green ugly thing
   598 | D        | Reached skill level 1 in Ice Magic
   601 | D        | Killed a centaur warrior
   602 | D        | Reached skill level 10 in Short Blades
   602 | D        | Reached skill level 16 in Stealth
   602 | D        | Reached XP level 9. HP: 40/40 MP: 12/23
   627 | D        | Reached skill level 17 in Stealth
   627 | D        | Reached skill level 1 in Conjurations
   636 | D        | Killed a cyan ugly thing
   636 | D        | Reached *** piety under Dithmenos
   637 | D        | Reached skill level 1 in Armour
   637 | D        | Reached skill level 10 in Spellcasting
   647 | D        | Killed a manticore
   648 | D        | Reached skill level 18 in Stealth
   944 | D        | Noticed a cane toad
   947 | D        | Noticed a cane toad
   949 | D        | Reached **** piety under Dithmenos
   952 | D        | Killed a cane toad
   953 | D        | Noticed a cane toad
   957 | D        | Reached XP level 10. HP: 44/44 MP: 13/26
   959 | D        | Reached skill level 19 in Stealth
   960 | D        | Killed a cane toad
   964 | D        | Killed a cane toad
   964 | D        | Reached ***** piety under Dithmenos
  1180 | D        | Noticed a black mamba
  1180 | D        | Noticed a black mamba
  1181 | D        | Noticed a six-headed hydra
  1190 | D        | Reached skill level 1 in Invocations
  1191 | D        | Killed a black mamba
  1193 | D        | Killed a black mamba
  1194 | D        | Reached skill level 20 in Stealth
  1203 | D        | Reached skill level 15 in Hexes
  1203 | D        | Reached skill level 5 in Ice Magic
  1214 | D        | Killed a six-headed hydra
  1520 | D        | Noticed an elephant
  1520 | D        | Noticed an elephant
  1520 | D        | Noticed an elephant
  1520 | D        | Noticed a dire elephant
  1520 | D        | Noticed an elephant
  1520 | D        | Noticed a dire elephant
  1521 | D        | Noticed an elephant
  1522 | D        | Killed a dire elephant
  1523 | D        | Reached skill level 21 in Stealth
  1523 | D        | Reached skill level 5 in Invocations
  1523 | D        | Noticed an elephant
  1557 | D        | Killed an elephant
  1557 | D        | Reached ****** piety under Dithmenos
  1558 | D        | Reached XP level 11. HP: 30/48 MP: 11/29
  1572 | D        | Killed a dire elephant
  1932 | D        | Reached skill level 22 in Stealth
  2008 | D        | Noticed Erica
  2019 | D        | Killed Erica
  2049 | D        | Noticed Eustachio
  2051 | D        | Killed Eustachio
  2093 | D        | Noticed an orc knight
  2096 | D        | Noticed a stone giant
  2099 | D        | Killed an orc knight
  2287 | D        | Killed a stone giant
  2532 | D        | Noticed an orc knight
  2532 | D        | Noticed an orc high priest
  2532 | D        | Noticed an orc knight
  2533 | D        | Noticed an orc knight
  2534 | D        | Killed an orc knight
  2535 | D        | Reached skill level 23 in Stealth
  2535 | D        | Noticed an orc knight
  2538 | D        | Killed an orc high priest
  2540 | D        | Killed an orc knight
  2546 | D        | Killed an orc knight
  2548 | D        | Killed an orc knight
  2549 | D        | Reached skill level 24 in Stealth
  2643 | D        | Found Veuwih's Distillery.
  2643 | D        | Noticed an orc sorcerer
  2643 | D        | Noticed an orc high priest
  2643 | D        | Noticed an orc sorcerer
  2644 | D        | Noticed an orc knight
  2647 | D        | Noticed an orc sorcerer
  2651 | D        | Killed an orc sorcerer
  2652 | D        | Reached XP level 12. HP: 52/52 MP: 28/31
  2652 | D        | Found Beulurph's Jewellery Shop.
  2656 | D        | Killed an orc high priest
  2658 | D        | Reached skill level 25 in Stealth
  2950 | D        | Noticed an orc high priest
  2953 | D        | Found Qekkann's General Store.
  2955 | D        | Found Hutuos Yhe's General Store.
  2957 | D        | Killed an orc high priest
  2973 | D        | Reached skill level 26 in Stealth
  3015 | D        | Bought a potion of heal wounds for 55 gold pieces
  3015 | D        | Bought a potion of heal wounds for 55 gold pieces
  3015 | D        | Bought a potion of haste for 110 gold pieces
  3017 | D        | Bought the ring of the Original Sin {rElec rC+ rN+ rCorr
                  | SInv} for 530 gold pieces
  3022 | D        | Bought a scroll of blinking for 75 gold pieces
  3024 | D        | Bought a scroll of fog for 22 gold pieces
  3024 | D        | Bought a potion of curing for 33 gold pieces
  3032 | D        | Bought an amulet of reflection for 300 gold pieces
  3037 | D        | Bought a ring of wizardry for 300 gold pieces
  3037 | D        | Bought a +6 ring of intelligence for 360 gold pieces
  3073 | D        | Noticed Urug
  3075 | D        | Killed Urug
  3076 | D        | Reached skill level 10 in Invocations
  3216 | D        | Noticed a centaur warrior
  3216 | D        | Noticed a tengu warrior
  3225 | D        | Killed a tengu warrior
  3230 | D        | Noticed an ice dragon
  3235 | D        | Noticed an ice dragon
  3235 | D        | Noticed a deep troll shaman
  3236 | D        | Killed a centaur warrior
  3241 | D        | Reached skill level 27 in Stealth
  3426 | D        | Killed an ice dragon
  3427 | D        | Reached skill level 15 in Spellcasting
  3432 | D        | Killed an ice dragon
  3438 | D        | Killed a deep troll shaman
  3472 | D        | Noticed a purple very ugly thing
  3474 | D        | Noticed an ettin
  3485 | D        | Noticed a frost giant
  3496 | D        | Killed a brown very ugly thing
  3497 | D        | Reached skill level 10 in Dodging
  3504 | D        | Killed a frost giant
  3507 | D        | Killed an ettin
  3765 | D        | Noticed Nessos
  3766 | D        | Noticed Psyche
  3767 | D        | Killed Nessos
  3768 | D        | Reached XP level 13. HP: 53/56 MP: 29/34
  3772 | D        | Killed Psyche
  3847 | D        | Reached skill level 1 in Shields
  4082 | D        | Noticed a bunyip
  4084 | D        | Killed a bunyip
  4380 | D        | Reached skill level 5 in Evocations
  4476 | D        | Noticed a merfolk impaler
  4476 | D        | Noticed a merfolk javelineer
  4480 | D        | Reached skill level 10 in Ice Magic
  4483 | D        | Killed a merfolk javelineer
  4485 | D        | Killed a merfolk impaler
  4564 | D        | Noticed Kirke
  4888 | D        | Killed Kirke
  4889 | D        | Reached skill level 15 in Invocations
  5044 | D        | Noticed a fire dragon
  5044 | D        | Noticed a fire dragon
  5044 | D        | Noticed a fire dragon
  5080 | D        | Killed a fire dragon
  5081 | D        | Reached XP level 14. HP: 43/60 MP: 30/38
  5322 | D        | Noticed a stone giant
  5347 | D        | Killed a stone giant
  5521 | D        | Noticed a lich
  5588 | D        | Killed a lich
  5753 | D        | Noticed a green very ugly thing
  5755 | D        | Killed a green very ugly thing
  5760 | D        | Noticed an ironbound thunderhulk
  5762 | D        | Killed an ironbound thunderhulk
  5765 | D        | Noticed a vault warden
  5931 | D        | Noticed a vault warden
  5934 | D        | Noticed an ironbound preserver
  5953 | D        | Killed a vault warden
  5954 | D        | Noticed a vault warden
  5961 | D        | HP: 2/60 [vault warden/+2 broad axe of freezing (28)]
  5961 | D        | Slain by a vault warden

Illustrated notes

Levels and vault maps discovered:
D:        linesprint [early_d, line_temple, items_1, d_10, items_2, lair_1,
          lair_end, items_3, orc_1, orc_end, items_4, d_15, swamp_1, shoals_1,
          snake_1, spider_1, d_20, vaults_1, items_5, swamp_end, shoals_end,
          snake_end, spider_end, vaults_end, d_27, items_6, zot_1, zot_end,
          crypt_end, forest_end, elf_end, slime_end, tomb_end, abyss_end,
          pan_hell_end]

Skill      XL: |  1  2  3  4  5  6  7  8  9 10 11 12 13 14 |
---------------+-------------------------------------------+-----
Hexes          | 7 8 10 12 13 14 15 16 17 20 21 | 21.8
Spellcasting   | 4 5 6 8 9 11 13 14 16 19 21 | 21.7
Stealth        | 8 9 11 14 16 18 21 24 27 | 27.0
Short Blades   | 2 3 5 7 10 11 12 13 14 | 14.7
Dodging        | 4 5 6 7 8 9 10 11 | 11.8
Evocations     | 1 2 3 4 5 |  5.3
Ice Magic      | 2 3 5 6 8 10 11 | 11.7
Conjurations   | 1 2 3 |  3.5
Armour         | 1 2 3 4 |  4.5
Invocations    | 5 9 12 15 16 | 16.6
Shields        | 1 |  1.6
Fighting       | |  0.4

Action                   |  1- 3 |  4- 6 |  7- 9 | 10-12 | 13-15 || total
-------------------------+-------+-------+-------+-------+-------++-------
Melee: Dagger            |    26 |     6 |       |       |       ||    32
       Rapier            |       |     6 |    27 |   119 |       ||   152
       Punch             |       |       |       |     2 |     1 ||     3
       Quick blade       |       |       |       |    50 |   185 ||   235
       Unarmed           |       |       |       |       |     1 ||     1
 Cast: Ensorcelled Hiber |       |     2 |    14 |    49 |    46 ||   111
       Dazzling Flash    |       |       |     5 |    19 |    17 ||    41
       Confusing Touch   |       |       |       |     8 |     7 ||    15
Invok: Shadow Step       |       |       |       |     4 |     7 ||    11
Evoke: Wand              |       |     3 |     3 |     1 |     2 ||     9
  Use: Potion            |     1 |     2 |       |     5 |     1 ||     9
 Stab: Invisible         |       |     2 |     6 |    18 |    19 ||    45
       Distracted        |       |     1 |       |     2 |       ||     3
       Sleeping          |       |     1 |     7 |    46 |    54 ||   108
       Confused          |       |       |       |     8 |     6 ||    14
Armor: Robe              |     1 |     1 |       |       |       ||     2
       Troll leather arm |       |       |     1 |     5 |     2 ||     8
Dodge: Dodged            |    20 |     3 |    20 |    79 |    52 ||   174
Block: Other             |       |       |       |     3 |     8 ||    11

Table legend: (Time is in decaauts)
 A = Elapsed time spent in this place.
 B = Non-inter-level travel time spent in this place.
 C = Inter-level travel time spent in this place.
 D = Time resting spent in this place.
 E = Time spent auto-exploring this place.
 F = Levels seen in this place.
 G = Mean time per level.
                   A        B        C        D        E       F      G
               +--------+--------+--------+--------+--------+-----+--------+
         Total |   4918 |   4918 |      0 |   2835 |    830 |   1 | 4918.0 |
       Dungeon |   4918 |   4918 |      0 |   2835 |    830 |   1 | 4918.0 |
               +--------+--------+--------+--------+--------+-----+--------+

Top non-repeatable levels by time:
       D: 4918 daAuts
